 Dungeon Crawl Stone Soup version 0.27.1-34-g3ba077fa99 (webtiles) character file.

Game seed: 276115964255312040

241 H0rd4k the Charlatan (level 6, -2/44 HPs)
             Began as a Human Artificer on Jan 11, 2022.
             Slain by Duvessa (6 damage)
             ... on level 4 of the Dungeon.
             The game lasted 00:05:53 (4702 turns).

H0rd4k the Charlatan (Human Artificer)              Turns: 4702, Time: 00:05:53

Health: -2/44      AC:  3    Str:  9 (11) XL:     6   Next: 30%
Magic:  6/6        EV: 11    Int: 10 (12) God:
Gold:   130        SH:  0    Dex: 11 (14) Spells: 5/5 levels left

rFire    . . .     SeeInvis .   k - +2 flail (vorpal)
rCold    . . .     Faith    .   (no shield)
rNeg     . . .     Spirit   .   b - +0 leather armour
rPois    .         Reflect  .   (no helmet)
rElec    .         Harm     .   (no cloak)
rCorr    .         Rampage  .   (no gloves)
Will     .....                  (no boots)
Stlth    +.........             (no amulet)
HPRegen  0.14/turn              a - ring of wizardry
MPRegen  0.10/turn              (no ring)

@: no status effects
A: weak 1
a: no special abilities


You were on level 4 of the Dungeon.
You visited 1 branch of the dungeon, and saw 5 of its levels.

You collected 130 gold pieces.

Inventory:

Hand Weapons
 i - a +0 short sword
 k - a +2 vorpal flail (weapon)
 t - the +1 hand axe of Yeast {vorpal, Contam rF+++ rCorr Int+3 Dex+4}
   (You found it on level 4 of the Dungeon)

   It inflicts extra damage upon your enemies.
   Int:       It affects your intelligence (+3).
   Dex:       It affects your dexterity (+4).
   rF:        It renders you almost immune to fire.
   Contam:    It causes magical contamination when unequipped.
   rCorr:     It protects you from acid and corrosion.
Armour
 b - a +0 leather armour (worn)
Jewellery
 a - a ring of wizardry (left hand)
 g - a +4 ring of evasion
 r - a +6 ring of strength
Wands
 c - a wand of flame (12) (quivered)
 v - a wand of polymorph (14)
Scrolls
 j - a scroll of immolation {unknown}
 l - a scroll of identify
 m - a scroll of noise {unknown}
 n - a scroll of magic mapping {unknown}
 o - a scroll of enchant armour
 u - 2 scrolls of teleportation {unknown}
Potions
 f - a potion of cancellation {unknown}
 h - a potion of magic
 p - a potion of brilliance {unknown}
 s - a potion of berserk rage {unknown}
Miscellaneous
 e - a piece from Xom's chessboard (11/15)


   Skills:
 + Level 2.1 Fighting
 + Level 0.6 Short Blades
 + Level 2.9 Maces & Flails
 - Level 2.0 Armour
 + Level 2.5 Dodging
 - Level 1.0 Stealth
 + Level 4.6 Evocations


You had 5 spell levels left.
You didn't know any spells.
Your spell library contained the following spells:

 Spells                   Type           Power      Damage    Failure   Level
 Gell's Gravitas          Tloc           0%         N/A       50%         3
 Lesser Beckoning         Tloc           0%         N/A       50%         3
 Teleport Other           Tloc           0%         N/A       50%         3


Dungeon Overview and Level Annotations

Branches:
Dungeon (5/15)             Temple (0/1) D:4

Altars:
Ashenzari

Shops:
D:1 [

Annotations:
D:3 Grinder
D:4 Duvessa


Innate Abilities, Weirdness & Mutations

You are weak. (Str -2)


Message History

Evoke which item? (* to show all) (? for menu, Esc to quit)
Okay, then.
Unknown command.
You don't have any such object.
Evoke which item? (* to show all) (? for menu, Esc to quit)
Okay, then.
Unknown command.
You make a move on Xom's chessboard...
Duvessa twists and deforms.
Duvessa closely misses you. Duvessa hits you with a +0 short sword.
Unknown command.
You make a move on Xom's chessboard...
Duvessa resists with significant effort.
Duvessa closely misses you.
Unknown command.
You make a move on Xom's chessboard...
Duvessa flickers and vanishes!
Deactivating autopickup; reactivate with Ctrl-A.
Something hits you. x2
* * * LOW HITPOINT WARNING * * *
Unknown command.
You can't see anything.
Try to make a move anyway?
Okay, then.
Unknown command.
You can't see anything.
Try to make a move anyway?
Okay, then.
You closely miss something. Something hits you!
* * * LOW HITPOINT WARNING * * *
Something hits you.
* * * LOW HITPOINT WARNING * * *
Unknown command.
You feel better. Something hits you.
* * * LOW HITPOINT WARNING * * *
Something hits you.
* * * LOW HITPOINT WARNING * * *
As you read the scroll labelled FAHEILINEBB, it crumbles to dust.
It is a scroll of identify.
o - a scroll of enchant armour Something hits you.
* * * LOW HITPOINT WARNING * * *
Something hits you.
You die...

.#..#....#.....................##
.####.####.....######.###.######
.#..#.# #.....#≈≈≈≈#.....#
##..#.# #.....#≈>_§#..####
.#..#.## ####..#≈.§≈#..#
.#.#...#######.#≈≈§ #.+########
.#.............#'####.........#
#...####).....................#
................@.............#
.....#######..................#
..#### #..................### ..#
#......#.##'#####..... ###
#......#.##.#####...(.
#......#........+.....
###......##...e...#.....
#.................#.....
#.....#####.......#.....


There were no monsters in sight!

Vanquished Creatures
  A bullfrog zombie (D:3)
  A hound (D:5)
  An iguana (D:4)
  2 adders
  A shadow imp (D:4)
  A white imp (D:5)
  An adder skeleton (D:4)
  A worm (D:2)
  3 dart slugs
  An orc (D:3)
  2 endoplasms
  4 giant cockroaches
  2 goblins
  6 hobgoblins
  A quokka (D:2)
  5 ball pythons
  A bat (D:1)
  3 frilled lizards
  7 kobolds
  A quokka skeleton (D:4)
  5 rats
50 creatures vanquished.

Vanquished Creatures (collateral kills)
  Dowan (D:4)
  A jelly (D:4)
  Terence (D:2)
  An adder skeleton (D:4)
  A quokka (D:4)
5 creatures vanquished.

Vanquished Creatures (others)
  A scorpion (D:4)
  An adder (D:2)
  10 plants (D:4)
12 creatures vanquished.

Grand Total: 67 creatures vanquished

Notes
Turn   | Place    | Note
-------+----------+-------------------------------------------
     0 | D:1      | H0rd4k the Human Artificer began the quest for the Orb.
     0 | D:1      | Reached XP level 1. HP: 15/15 MP: 1/1
   363 | D:1      | Reached XP level 2. HP: 21/21 MP: 2/2
   472 | D:1      | Found Puiffoq's Armour Shoppe.
  1428 | D:2      | Noticed Terence
  1482 | D:2      | Killed Terence
  1483 | D:2      | Reached skill level 4 in Evocations
  1483 | D:2      | Reached XP level 3. HP: 26/26 MP: 3/3
  1850 | D:2      | Noticed a floating eye
  1854 | D:2      | Noticed a shining eye
  1856 | D:2      | Found a faded altar of an unknown god.
  1857 | D:2      | Noticed an eye of devastation
  1857 | D:2      | Noticed a shining eye
  1863 | D:2      | Reached XP level 4. HP: 25/32 MP: 4/4
  2468 | D:3      | Reached skill level 1 in Maces & Flails
  2731 | D:3      | Noticed Grinder
  2789 | D:3      | Reached XP level 5. HP: 35/37 MP: 5/5
  3081 | D:4      | Noticed Duvessa
  3081 | D:4      | Noticed Dowan
  3088 | D:4      | Killed Dowan
  3100 | D:4      | Identified the +1 hand axe of Yeast {vorpal, Contam rF+++
                  | rCorr Int+3 Dex+4}
  3206 | D:4      | HP: 1/37 [Duvessa (2)]
  3301 | D:5      | Entered Level 5 of the Dungeon
  3307 | D:5      | Gained mutation: You are weak. (Str -2) [potion of
                  | mutation]
  3311 | D:5      | HP: 1/37 [hound (2)]
  3520 | D:5      | Reached XP level 6. HP: 4/44 MP: 6/6
  3551 | D:5      | Noticed an ogre
  4303 | D:4      | Found a broken altar of Ashenzari.
  4313 | D:4      | Found a staircase to the Ecumenical Temple.
  4699 | D:4      | HP: 2/44 [something (7)]
  4702 | D:4      | Slain by Duvessa

Illustrated notes

Levels and vault maps discovered:
D:1:      lightli_arrival_boilingwater, layout_loops_corners, serial_shops,
          nicolae_shop_temple_entry_statues_fountains
D:2:      layout_basic, hellmonk_ecumenical_altar_watching_god, uniq_terence
D:3:      layout_basic, uniq_grinder
D:4:      layout_basic, general_overflow_altar, minmay_temple_entry_mist,
          minmay_door_square, serial_bayou_lagoon_a,
          hangedman_abyss_or_decor_stagger, uniq_duvessa
D:5:      layout_rooms, okawaru_trees_1, serial_shops, nicolae_shop_stone,
          uniq_crazy_yiuf_cottage

Skill      XL: |  1  2  3  4  5  6 |
---------------+-------------------+-----
Evocations     | 4 |  4.6
Maces & Flails | 1 2 |  2.9
Dodging        | 2 |  2.5
Fighting       | 2 |  2.1
Short Blades   | |  0.6
Armour         | |  2.0
Stealth        | |  1.0

Action                   |  1- 3 |  4- 6 || total
-------------------------+-------+-------++-------
Melee: Club              |    36 |       ||    36
       Short sword       |    14 |       ||    14
       Flail             |    27 |   111 ||   138
Evoke: Wand              |     4 |    14 ||    18
       Piece from Xom's  |       |     4 ||     4
  Use: Potion            |       |     6 ||     6
       Scroll            |       |     1 ||     1
 Stab: Sleeping          |     3 |     1 ||     4
       Petrified         |       |     7 ||     7
Armor: Leather armour    |    23 |    25 ||    48
Dodge: Dodged            |    52 |    75 ||   127
